 Dungeon Crawl Stone Soup version 0.32-a0-450-g080537f31e (webtiles) character file.

Game seed: 550615632041031108

81354 Bravepunisher the Swashbuckler (level 15, -3/86 HPs)
             Began as a Spriggan Monk on Feb 23, 2024.
             Was the Champion of Okawaru.
             Killed by divine providence
             ... invoked by a meliai
              (14 damage)
             ... on level 12 of the Dungeon.
             The game lasted 01:56:13 (29594 turns).

Bravepunisher the Swashbuckler (Spriggan Monk)     Turns: 29594, Time: 01:56:14

Health: -3/86      AC: 18    Str: 14    XL:     15   Next: 26%
Magic:  27/27      EV: 34    Int: 11    God:    Okawaru [******]
Gold:   306        SH: 11    Dex: 24    Spells: 14/14 levels left

rFire   . . .        a - +8 short sword (spect)
rCold   + + .        e - +0 buckler
rNeg    . . .        z - +5 acid dragon scales
rPois   +            k - +2 hat
rElec   .            h - +1 cloak
rCorr   +            (gloves unavailable)
SInv    +            (boots unavailable)
Will    ++...        j - amulet "Raczelua" {Reflect Dex+4 SH+5 Stlth+}
Stlth   +++          n - +5 ring of evasion
HPRegen 0.34/turn    s - ring "Katirphue" {rPois rC+ Str+3 Dex-4}
MPRegen 0.20/turn

%: reflection, clarity
@: studying Stealth, very quick
A: very small, no large weapons, unfitting armour, see invisible, speed 3,
iridescent scales 1, clarity, cold resistance 1, strong 1
a: Renounce Religion, Heroism, Finesse, Duel, Receive Weapon, Receive Armour


You were on level 12 of the Dungeon.
You worshipped Okawaru.
Okawaru was exalted by your worship.
You visited 4 branches of the dungeon, and saw 21 of its levels.
You also visited: Sewer.

You collected 2268 gold pieces.
You spent 1962 gold pieces at shops.

Inventory:

Hand Weapons
 a - a +8 spectral short sword (weapon)
Missiles
 d - 47 poisoned darts (quivered)
 g - 14 atropa-tipped darts
 y - a throwing net
Armour
 b - quicksilver dragon scales
 e - a +0 buckler (worn)
 h - a +1 cloak (worn)
 k - a +2 hat (worn)
 z - +5 acid dragon scales (worn)
Jewellery
 j - the amulet "Raczelua" (around neck) {Reflect Dex+4 SH+5 Stlth+}
   (You found it on level 11 of the Dungeon)

   [amulet of reflection]

   Reflect:   It reflects blocked missile attacks.
   Dex+4:     It affects your dexterity (+4).
   SH+5:      It affects your SH (+5).
   Stlth+:    It makes you more stealthy.
 n - a +5 ring of evasion (left hand)
 s - the ring "Katirphue" (right hand) {rPois rC+ Str+3 Dex-4}
   (You found it on level 11 of the Dungeon)

   [ring of protection from cold]

   Str+3:     It affects your strength (+3).
   Dex-4:     It affects your dexterity (-4).
   rC+:       It protects you from cold.
   rPois:     It protects you from poison
Wands
 v - a wand of polymorph (7)
Scrolls
 i - 3 scrolls of summoning
 m - 4 scrolls of teleportation
 o - 2 scrolls of immolation
 r - 13 scrolls of identify
 x - a scroll of brand weapon
 B - a scroll of fear
Potions
 c - 2 potions of ambrosia
 f - 7 potions of mutation
 l - a potion of brilliance
 p - 2 potions of attraction
 q - 3 potions of haste
 t - a potion of enlightenment
 u - 3 potions of heal wounds
 w - 2 potions of lignification
 A - 7 potions of curing


   Skills:
 * Level 13.6 Fighting
 - Level 16.0 Short Blades
 + Level 5.3 Armour
 + Level 13.0 Dodging
 - Level 5.0 Shields
 + Level 15.1 Invocations


You had 14 spell levels left.
You didn't know any spells.
Your spell library contained the following spells:

 Spells                   Type           Power      Damage    Failure   Level
 Foxfire                  Conj/Fire      0%         2x1d4     54%         1
 Sting                    Conj/Alch      0%         1d3       54%         1
 Cigotuvi's Dreadful Rot  Necr/Alch/Air  0%         N/A       67%         2
 Ensorcelled Hibernation  Hex/Ice        0%         N/A       67%         2
 Lesser Beckoning         Tloc           0%         N/A       67%         2
 Mercury Vapours          Alch/Air       0%         N/A       67%         2
 Static Discharge         Conj/Air       0%         3-3/arc   67%         2
 Fugue of the Fallen      Necr           0%         N/A       88%         3
 Gell's Gravitas          Tloc           0%         N/A       88%         3
 Teleport Other           Tloc           0%         N/A       88%         3
 Volatile Blastmotes      Fire/Tloc      0%         2d10      88%         3
 Airstrike                Air            0%         2d(0-16)  99%         4
 Anguish                  Hex/Necr       0%         N/A       99%         4
 Dispel Undead            Necr           0%         3d6       99%         4
 Fulminant Prism          Conj/Alch      0%         3d5       99%         4
 Iskenderun's Mystic Bla  Conj/Tloc      0%         2d3       99%         4
 Manifold Assault         Tloc           0%         N/A       99%         4
 Olgreb's Toxic Radiance  Alch           0%         N/A       99%         4
 Lee's Rapid Deconstruct  Erth           0%         3d4*      100%        5
 Dispersal                Tloc           0%         N/A       100%        6
 Plasma Beam              Fire/Air       0%         2x1d10    100%        6
 Starburst                Conj/Fire      0%         6d3       100%        6
 Ozocubu's Refrigeration  Ice            0%         4d7       100%        7
 Disjunction              Tloc           0%         N/A       100%        8
 Polar Vortex             Ice            0%         N/A       100%        9
 Animate Armour           Summ/Erth      Unusable   N/A       N/A         4
 Martyr's Knell           Necr/Summ      Unusable   N/A       N/A         4
 Summon Lightning Spire   Summ/Air       Unusable   N/A       N/A         4
 Death Channel            Necr           Unusable   N/A       N/A         6
 Sculpt Simulacrum        Ice/Alch       Unusable   N/A       N/A         6

Dungeon Overview and Level Annotations

Branches:
Dungeon (13/15)            Temple (1/1) D:4            Lair (5/5) D:9
  Swamp (0/4) Lair:2        Snake (0/4) Lair:3        Slime (0/5) Lair:4
    Orc (2/2) D:9             Elf (0/3) Orc:2        Vaults (0/5) D:13
  Sewer (visited)

Altars:
Ashenzari
Cheibriados
Dithmenos
Elyvilon
Fedhas
Gozag
Hepliaklqana
Kikubaaqudgha
Makhleb
Nemelex Xobeh
Okawaru
Qazlal
Ru
Sif Muna
Trog
Uskayaw
Vehumet
Wu Jian
Xom
Yredelemnul
Zin
The Shining One
Beogh

Shops:
D:6 :   D:9 ![*   D:10 *   Orc:2 !*([

Annotations:
D:11 2 runed translucent doors, 1 exclusion
Lair:3 CougarLife's ghost, journeyman GrEE


Innate Abilities, Weirdness & Mutations

You are very small and have problems with some larger weapons.
You are too small for most types of armour.
You have supernaturally acute eyesight. (SInv)
You cover ground extremely quickly. (Speed+++)
You are partially covered in iridescent scales. (AC +2)
You possess an exceptional clarity of mind.
Your flesh is cold resistant. (rC+)
Your muscles are strong. (Str +4, Int/Dex -1)


Message History

Things that are here:
a +0 shortbow; a centaur skeleton The meliai buzzes angrily.
There is an open door, spattered with blood here.
Items here: ))) [[[.
There is a stone staircase leading up here.
You miss the meliai.
Your +8 spectral short sword hits the meliai!
You block the meliai's attack.
The meliai hits your +8 spectral short sword with a +0 war axe!
Your spectral weapon shares its damage with you!
* * * LOW HITPOINT WARNING * * *
The meliai misses you.
Your +8 spectral short sword disappears.
The meliai completely misses you. You block the meliai's attack.
The meliai mumbles some strange prayers to its god against you.
Something smites you!
* * * LOW HITPOINT WARNING * * *
You climb upwards.
There is a stone staircase leading down here.
You hit the meliai.
The meliai is heavily wounded.
Your +8 spectral short sword hits the meliai.
The meliai completely misses you.
The meliai hits your +8 spectral short sword with a +0 war axe.
Your spectral weapon shares its damage with you!
* * * LOW HITPOINT WARNING * * *
The meliai completely misses you.
You miss the meliai.
The meliai is heavily wounded.
Your +8 spectral short sword hits the meliai.
The meliai closely misses your +8 spectral short sword.
You block the meliai's attack.
The meliai stings your +8 spectral short sword but does no damage.
You hit the meliai.
The meliai is severely wounded.
Your +8 spectral short sword hits the meliai.
The meliai mumbles some strange prayers to its god against you.
Something smites you!
You die...

#..#.##.####.#.#
#....#.......#.#
#.####..#....#.#
#.#^.........#.#
#.#.#.#......#.#
##########.#..........#.#
.............#.#......#.#
.........#.#.#.#(y....#.#
########)#.#....@.#.#.#^#
...#...#.#.....>........#
##.#.#.#.#####.#....#.###
#.#.#.#.# #........#
#.#.#.#.# #........#
#.#.#.#.#####........#
#.#.#.......#........#
#.#.###.##.##.#..#...#
#................#...#


You could see a meliai and a friendly +8 spectral short sword.

Vanquished Creatures
  Rupert (Orc:2)
  A minotaur (Lair:3)
  2 hydras (Lair:4)
  A death knight (D:11)
  4 centaur warriors (D:13)
  3 catoblepae (Lair:5)
  3 two-headed ogres
  3 boulder beetles
  4 death yaks (Lair:5)
  3 orc high priests (Orc:2)
  2 skysharks
  A skeletal warrior (D:11)
  2 arcanists (D:13)
  4 orc knights
  2 deep elf pyromancers
  3 ugly things
  2 orc sorcerers
  2 cyclopes (D:12)
  3 manticores
  4 black mambas
  10 kobold blastminers
  6 elephants (Lair:5)
  17 cane toads
  6 rime drakes
  4 unseen horrors
  8 komodo dragons
  9 kobold demonologists
  An efreet (D:11)
  Psyche (D:8)
  A tyrant leech (Lair:2)
  5 trolls
  2 hornets
  10 polar bears
  15 blink frogs
  A slime creature (D:12)
  A shadow (D:11)
  5 wyverns
  17 humans (D:13)
  77 yaks
  A fire bat (D:5)
  3 wraiths (D:12)
  4 wargs
  7 vampire mosquitoes
  Grum (D:8)
  2 basilisks
  2 swamp worms (Lair:2)
  3 nagas (Lair:3)
  3 acid dragons
  12 water moccasins
  27 orc warriors
  A sky beast (Sewer)
  12 black bears
  4 ice beasts
  9 ogres
  23 wolves
  11 centaurs
  4 phantoms
  4 kobold brigands
  2 gnoll sergeants
  17 bullfrogs
  3 scorpions
  16 wights
  10 killer bees
  4 howler monkeys
  An electric eel (Lair:3)
  A bombardier beetle (D:6)
  14 orc priests
  6 hounds
  6 jellies
  3 iguanas
  A sleepcap (D:6)
  14 orc wizards
  7 hell rats (Lair:3)
  12 gnolls
  5 adders
  2 shadow imps
  2 white imps
  13 ufetubi
  3 dart slugs
  75 orcs
  6 ball pythons
  5 endoplasms
  6 giant cockroaches
  3 goblins
  3 hobgoblins (D:1)
  3 jackals (D:1)
  25 kobolds
  7 quokkas
  7 bats
  10 frilled lizards
  7 rats
678 creatures vanquished.

Vanquished Creatures (others)
  2 orc wizards (Orc:2)
  A kobold (D:13)
  30 spectral weapons
33 creatures vanquished.

Grand Total: 711 creatures vanquished

Notes
Turn   | Place    | Note
-------+----------+-------------------------------------------
     0 | D:1      | Bravepunisher the Spriggan Monk began the quest for the
                  | Orb.
     0 | D:1      | Reached XP level 1. HP: 11/11 MP: 2/2
   275 | D:3      | Noticed a +0 falchion
   275 | D:3      | Noticed a +0 short sword
   275 | D:3      | Noticed a +0 falchion
   275 | D:3      | Noticed a +0 dagger
   275 | D:3      | Noticed a +0 spear
   275 | D:3      | Noticed a +0 spear
   275 | D:3      | Noticed a +0 short sword
   275 | D:3      | Noticed a +0 dagger
   275 | D:3      | Found a hide-covered altar of Uskayaw.
   326 | D:4      | Found a staircase to the Ecumenical Temple.
   334 | Temple   | Entered the Ecumenical Temple
   341 | Temple   | Became a worshipper of Warmaster Okawaru
   341 | Temple   | Reached * piety under Okawaru
   341 | Temple   | Reached ** piety under Okawaru
   555 | D:1      | Reached XP level 2. HP: 7/16 MP: 0/3
   659 | D:1      | Reached skill level 1 in Invocations
  1159 | D:1      | Reached XP level 3. HP: 19/19 MP: 5/5
  1843 | D:2      | Reached XP level 4. HP: 23/23 MP: 6/6
  1853 | D:2      | Reached skill level 1 in Armour
  2234 | D:3      | Found a blossoming altar of Fedhas.
  2880 | D:4      | Noticed a phantom
  2907 | D:4      | Killed a phantom
  2908 | D:4      | Reached skill level 5 in Dodging
  2908 | D:4      | Reached XP level 5. HP: 19/28 MP: 6/8
  3031 | D:4      | Noticed a phantom
  3034 | D:4      | Found a basalt altar of Yredelemnul.
  3053 | D:4      | Killed a phantom
  3054 | D:4      | Reached XP level 6. HP: 18/32 MP: 9/9
  3324 | D:5      | Entered Level 5 of the Dungeon
  3332 | D:5      | Found a shadowy altar of Dithmenos.
  3568 | D:5      | Found a broken altar of Ashenzari.
  3581 | D:5      | Gained mutation: You possess an exceptional clarity of
                  | mind. [potion of mutation]
  3581 | D:5      | Gained mutation: Your flesh is cold resistant. (rC+)
                  | [potion of mutation]
  3581 | D:5      | Gained mutation: Your muscles are strong. (Str +4, Int/Dex
                  | -1) [potion of mutation]
  3581 | D:5      | Gained mutation: You are partially covered in iridescent
                  | scales. (AC +2) [potion of mutation]
  3693 | D:5      | Found a glowing drain.
  3706 | Sewer    | Entered a sewer
  3717 | Sewer    | an ogre changed into a sky beast
  3717 | Sewer    | Noticed a sky beast
  3718 | Sewer    | a sky beast changed into a tengu
  3720 | Sewer    | a tengu changed into a sky beast
  3720 | Sewer    | Noticed a sky beast
  3735 | Sewer    | Killed a sky beast
  3906 | Sewer    | Noticed Pargi
  4077 | D:5      | a scorpion changed into a fire bat
  4077 | D:5      | Noticed a fire bat
  4078 | D:5      | a fire bat changed into a swamp drake
  4078 | D:5      | Noticed a swamp drake
  4079 | D:5      | a swamp drake changed into a tengu
  4080 | D:5      | a tengu changed into a swamp drake
  4080 | D:5      | Noticed a swamp drake
  4081 | D:5      | a swamp drake changed into a fire bat
  4081 | D:5      | Noticed a fire bat
  4101 | D:5      | Killed a fire bat
  4101 | D:5      | Reached *** piety under Okawaru
  4102 | D:5      | Reached XP level 7. HP: 11/37 MP: 11/11
  4259 | D:5      | Found a radiant altar of Vehumet.
  4491 | D:5      | Found a white marble altar of Elyvilon.
  4503 | D:5      | Reached skill level 5 in Invocations
  4988 | D:6      | Found Jiurgh's Tiny Tomes.
  5273 | D:6      | Reached XP level 8. HP: 42/42 MP: 13/13
  6704 | D:6      | Reached skill level 4 in Short Blades
  6711 | D:6      | Reached **** piety under Okawaru
  6769 | D:6      | Noticed a gargoyle
  6814 | D:6      | Reached XP level 9. HP: 37/46 MP: 15/15
  7195 | D:6      | Identified a scroll of acquirement
  7195 | D:6      | Acquired a manual of Short Blades
  7547 | D:7      | Reached skill level 5 in Fighting
  7713 | D:7      | Reached skill level 5 in Short Blades
  7829 | D:7      | Found a stormy altar of Qazlal.
  7848 | D:7      | Reached skill level 1 in Shields
  8029 | D:7      | Found a glowing golden altar of the Shining One.
  8159 | D:7      | Reached ***** piety under Okawaru
  8516 | D:8      | Found a bloodstained altar of Trog.
  8526 | D:8      | Noticed Grum
  8547 | D:8      | Received a gift from Okawaru
  8556 | D:8      | Killed Grum
  8557 | D:8      | Reached skill level 6 in Short Blades
  8771 | D:8      | Found an ancient bone altar of Kikubaaqudgha.
  8901 | D:8      | Reached XP level 10. HP: 52/52 MP: 17/17
  8986 | D:8      | Noticed Psyche
  8994 | D:8      | Killed Psyche
  8995 | D:8      | Reached skill level 7 in Short Blades
 10354 | D:9      | Received a gift from Okawaru
 10372 | D:9      | Reached skill level 8 in Short Blades
 10469 | D:9      | Found a staircase to the Lair.
 10900 | D:9      | Found a staircase to the Orcish Mines.
 11033 | D:9      | Found Kabah's Distillery.
 11038 | D:9      | Found Didynein's Armour Shoppe.
 11041 | D:9      | Bought a potion of curing for 39 gold pieces
 11041 | D:9      | Bought a potion of curing for 39 gold pieces
 11052 | D:9      | Reached skill level 5 in Armour
 11244 | D:9      | Found Peduh's General Store.
 11351 | D:10     | Entered Level 10 of the Dungeon
 11424 | D:10     | Reached skill level 10 in Dodging
 11424 | D:10     | Reached XP level 11. HP: 43/58 MP: 19/19
 11483 | D:10     | Noticed a two-headed ogre
 11515 | D:11     | Identified the amulet "Raczelua" {Reflect Dex+4 SH+5
                  | Stlth+}
 11665 | D:11     | Received a gift from Okawaru
 11687 | D:11     | Reached skill level 10 in Invocations
 11890 | D:11     | Reached skill level 9 in Short Blades
 11953 | D:11     | Found a large runed translucent door.
 11954 | D:11     | Found a large runed translucent door.
 11991 | D:11     | Noticed a skeletal warrior
 11994 | D:11     | Noticed a deep elf pyromancer
 12131 | D:11     | Noticed a purple ugly thing
 12221 | D:11     | Killed a purple ugly thing
 12327 | D:11     | Found a large runed translucent door.
 12327 | D:11     | Found a large runed translucent door.
 12507 | D:11     | Noticed a death knight
 12674 | D:10     | Killed a two-headed ogre
 12674 | D:10     | Reached ****** piety under Okawaru
 12716 | D:10     | Found an ornate altar of the Wu Jian Council.
 12767 | D:10     | Found Yfeihoech's Overcharged Wands.
 13134 | Lair:1   | Entered Level 1 of the Lair of Beasts
 13218 | Lair:1   | Received a gift from Okawaru
 13219 | Lair:1   | Reached skill level 10 in Short Blades
 13626 | Lair:1   | Received a gift from Okawaru
 13774 | Lair:1   | Reached XP level 12. HP: 59/63 MP: 21/21
 13818 | Lair:1   | Reached skill level 11 in Short Blades
 14172 | Lair:1   | Received a gift from Okawaru
 14392 | Lair:1   | Reached skill level 5 in Shields
 14946 | Lair:2   | Reached skill level 12 in Short Blades
 15147 | Lair:2   | Received a gift from Okawaru
 15293 | Lair:2   | Found a staircase to the Swamp.
 15543 | Lair:2   | Reached skill level 13 in Short Blades
 15697 | Lair:2   | Received a gift from Okawaru
 16089 | Lair:2   | Reached XP level 13. HP: 70/70 MP: 23/23
 16362 | Lair:3   | Found a staircase to the Snake Pit.
 17116 | Lair:3   | Found a runed translucent gate.
 17116 | Lair:3   | Found a runed translucent gate.
 17116 | Lair:3   | Found a runed translucent gate.
 17121 | Lair:3   | Noticed a minotaur
 17247 | Lair:3   | Noticed CougarLife's ghost (journeyman GrEE)
 17728 | Lair:4   | Reached skill level 10 in Fighting
 17737 | Lair:4   | Received a gift from Okawaru
 17738 | Lair:4   | Reached skill level 14 in Short Blades
 18193 | Lair:4   | Identified the +4 great sword "Etwaw" {heavy, *Rage +Blink
                  | rF+ Str+2}
 18732 | Lair:4   | Found a staircase to the Slime Pits.
 19210 | Lair:5   | Entered Level 5 of the Lair of Beasts
 19377 | Lair:5   | Received a gift from Okawaru
 19437 | Lair:5   | Reached skill level 15 in Short Blades
 20475 | Lair:5   | Reached XP level 14. HP: 41/79 MP: 25/25
 21012 | Lair:5   | Received a gift from Okawaru
 21199 | Lair:5   | Identified the +5 morningstar of Cobwebs {drain, *Corrode
                  | ^Drain Will+ Str+8}
 22264 | Lair:5   | Reached skill level 16 in Short Blades
 23124 | D:11     | Identified the ring "Katirphue" {rPois rC+ Str+3 Dex-4}
 23277 | D:12     | Received a gift from Okawaru
 25240 | Orc:1    | Entered Level 1 of the Orcish Mines
 25285 | Orc:1    | HP: 1/77 [orc sorcerer/bolt of negative energy[an orc
                  | knight] (29)]
 25951 | Orc:1    | Received a gift from Okawaru
 26165 | Orc:1    | Found a roughly hewn altar of Beogh.
 26279 | Orc:2    | Entered Level 2 of the Orcish Mines
 26709 | Orc:2    | Found a roughly hewn altar of Beogh.
 26998 | Orc:2    | Found a staircase to the Elven Halls.
 27092 | Orc:2    | Found a roughly hewn altar of Beogh.
 27128 | Orc:2    | Found Etsaek's Distillery.
 27133 | Orc:2    | Bought a potion of curing for 36 gold pieces
 27200 | Orc:2    | Found a roughly hewn altar of Beogh.
 27370 | Orc:2    | Found a roughly hewn altar of Beogh.
 27485 | Orc:2    | Received a gift from Okawaru
 27497 | Orc:2    | Found a roughly hewn altar of Beogh.
 27498 | Orc:2    | Found Hujil's Assorted Antiques.
 27623 | Orc:2    | Found a roughly hewn altar of Beogh.
 27737 | Orc:2    | Found a roughly hewn altar of Beogh.
 27926 | Orc:2    | Found a roughly hewn altar of Beogh.
 27926 | Orc:2    | Noticed Rupert
 27956 | Orc:2    | Killed Rupert
 27957 | Orc:2    | Reached XP level 15. HP: 28/86 MP: 27/27
 28454 | Orc:2    | Found Ykkygyn's Antique Weapon Shoppe.
 28455 | Orc:2    | Found a roughly hewn altar of Beogh.
 28458 | Orc:2    | Found Humom's Antique Armour Emporium.
 28469 | Orc:2    | Bought quicksilver dragon scales for 1500 gold pieces
 28598 | Orc:2    | Bought a potion of curing for 36 gold pieces
 28598 | Orc:2    | Bought 2 potions of heal wounds for 120 gold pieces
 28598 | Orc:2    | Bought a potion of haste for 120 gold pieces
 28598 | Orc:2    | Bought a potion of curing for 36 gold pieces
 28598 | Orc:2    | Bought a potion of curing for 36 gold pieces
 28858 | Lair:3   | Reached skill level 15 in Invocations
 29088 | D:13     | Received a gift from Okawaru
 29478 | D:13     | Found a gate to the Vaults.
 29594 | D:12     | Killed from afar by a meliai

Illustrated notes

Levels and vault maps discovered:
D:1:      sevenhm_arrival_forest_fort_large_2, layout_loops_corners
D:2:      layout_rooms, nrook_loot_triangle
D:3:      layout_rooms, nicolae_uskayaw_en_pointe, fedhas_altar_4
D:4:      layout_gridville, mainiacjoe_overflow_paths,
          minmay_temple_entry_glassed_door, serial_glass, glass_columns_a,
          glass_columns_a
D:5:      layout_cave_pools, nicolae_ashenzari_skybound,
          mainiacjoe_overflow_24_doors, mainiacjoe_overflow_alcove_2,
          nicolae_dithmenos_through_a_glass_darkly, portal_sewer_entry_f
D:6:      wad_guarded_room, layout_layer_cave,
          nicolae_shop_i_like_small_books_too
D:7:      layout_loops_ring, kennysheep_mini, mainiacjoe_overflow_tiny_flanked,
          minmay_manual_maat
D:8:      minmay_evil_eye, layout_basic, lemuel_round_altar,
          lemuel_coloured_pillars_altar, uniq_psyche, uniq_grum
D:9:      layout_basic, due_lair_maze_entry_diamond, serial_shops,
          nicolae_shop_window_shopping, nicolae_square_shop, shop
D:10:     layout_roguey, nicolae_wu_jian_immortal_techniques,
          nicolae_shop_overcharged_wands
D:11:     layout_gridville, minmay_hollow_rounded_squares
D:12:     layout_basic, nrook_mini_vaults, minmay_quadrilaterals
D:13:     layout_roguey [special_room_orc], grunt_vaults_entry_tiered,
          uniq_nessos, uniq_jorgrun, uniq_snorg
Temple:   nicolae_temple_ecumenical_triangle
Lair:1:   beast_lair_carwin_large_4, layout_gridlike,
          nicolae_volcano_entry_hallway
Lair:2:   layout_regular_city, minmay_swamp_entry_worms, grunt_megastairs_2
Lair:3:   layout_small_grid, guppyfry_snake_entry_garden,
          maelrawn_ghost_gauntlet_escape, infiniplex_staircase_pool,
          lemuel_fruit_fields
Lair:4:   layout_cave_pods, nicolae_slime_entry_field_trip, serial_rivers,
          chequers_serial_rivers_room_a, chequers_serial_rivers_room_a,
          chequers_serial_rivers_marsh, chequers_serial_rivers_micro_b,
          chequers_serial_rivers_micro_e
Lair:5:   evilmike_catoblepas_cave, layout_hall_layers
Orc:1:    layout_diamond_mine, basic_altar
Orc:2:    grunt_orc_community_town_hall, layout_caves,
          grunt_orc_community_big_house_1, grunt_orc_community_big_house_2,
          grunt_orc_community_house_1, grunt_orc_community_house_3,
          grunt_orc_community_house_2, grunt_orc_community_house_2,
          grunt_orc_community_house_2, grunt_orc_community_house_2, basic_altar,
          uniq_rupert

Skill      XL: |  1  2  3  4  5  6  7  8  9 10 11 12 13 14 15 |
---------------+----------------------------------------------+-----
Invocations    | 1 2 3 4 5 7 8 9 11 12 13 14 15 | 15.1
Armour         | 1 2 3 4 5 |  5.3
Fighting       | 3 4 5 6 7 9 11 13 | 13.6
Dodging        | 5 6 7 8 10 11 12 13 | 13.0
Short Blades   | 4 6 8 10 13 15 16 | 16.0
Shields        | 2 3 4 5 |  5.0

Action                     |  1- 3 |  4- 6 |  7- 9 | 10-12 | 13-15 || total
---------------------------+-------+-------+-------+-------+-------++-------
  Melee: Short sword       |   170 |   309 |   667 |  1292 |  1947 ||  4385
  Throw: Dart              |       |     7 |    26 |       |     3 ||    36
 Invoke: Heroism           |     1 |     1 |     6 |     1 |     7 ||    16
         Finesse           |       |       |       |       |     2 ||     2
  Evoke: Wand              |     8 |    16 |    11 |     6 |    11 ||    52
    Use: Scroll            |       |     7 |    15 |     9 |    10 ||    41
         Potion            |       |     1 |     5 |       |     9 ||    15
   Stab: Sleeping          |     3 |     4 |     3 |     8 |     7 ||    25
         Distracted        |     1 |       |     1 |    33 |    54 ||    89
         Invisible         |       |       |       |       |     8 ||     8
 Armour: Robe              |    55 |    84 |   119 |     6 |       ||   264
         Acid dragon scale |       |       |       |    90 |   205 ||   295
  Dodge: Dodged            |   159 |   302 |   552 |   543 |   669 ||  2225
  Block: Buckler           |       |       |    43 |   318 |   496 ||   857
         Reflection        |       |       |       |     1 |    25 ||    26

Table legend: (Time is in decaauts)
 A = Elapsed time spent in this place.
 B = Non-inter-level travel time spent in this place.
 C = Inter-level travel time spent in this place.
 D = Time resting spent in this place.
 E = Time spent auto-exploring this place.
 F = Levels seen in this place.
 G = Mean time per level.
                   A        B        C        D        E       F      G
               +--------+--------+--------+--------+--------+-----+--------+
         Total |  21597 |  20650 |    947 |   1881 |  12729 |  22 |  981.7 |
       Dungeon |  12214 |  11607 |    607 |   1231 |   6874 |  13 |  939.5 |
        Temple |     10 |      7 |      3 |      0 |      0 |   1 |   10.0 |
          Lair |   6913 |   6644 |    269 |    634 |   4194 |   5 | 1382.6 |
  Orcish Mines |   2259 |   2193 |     66 |     15 |   1548 |   2 | 1129.5 |
         Sewer |    200 |    200 |      0 |      0 |    113 |   1 |  200.0 |
               +--------+--------+--------+--------+--------+-----+--------+

Top non-repeatable levels by time:
  Lair:5: 2114 daAuts
   Orc:2: 1778 daAuts
     D:6: 1743 daAuts
    D:11: 1538 daAuts
  Lair:4: 1383 daAuts
    D:12: 1352 daAuts
  Lair:1: 1296 daAuts
     D:8: 1220 daAuts
     D:5: 1199 daAuts
     D:9: 1185 daAuts
  Lair:3: 1131 daAuts
  Lair:2: 988 daAuts
     D:1: 795 daAuts
     D:7: 725 daAuts
     D:4: 668 daAuts
